 Dungeon Crawl Stone Soup version 0.22.1-1-ga44c0e56f4 (webtiles) character file.

109 PikkenKukken the Sneak (level 4, 0/45 HPs)
             Began as a Demonspawn Wizard on Oct 4, 2018.
             Succumbed to a worker ant's poison
             ... on level 3 of the Dungeon.
             The game lasted 00:09:57 (3348 turns).

PikkenKukken the Sneak (Demonspawn Wizard)          Turns: 3348, Time: 00:09:57

Health: 0/45       AC: 22    Str:  7    XL:     4   Next: 59%
Magic:  4/9        EV:  2    Int: 20    God:
Gold:   68         SH:  0    Dex: 17    Spells: 3/10 levels left

rFire    . . .     SeeInvis .   a - +0 short sword
rCold    . . .     Gourm    .   (no shield)
rNeg     + + +     Faith    .   (armour currently unavailable)
rPois    +         Spirit   .   (helmet currently unavailable)
rElec    .         Reflect  .   (cloak currently unavailable)
rCorr    .         Harm     .   (gloves currently unavailable)
MR       .....     NoTele   +   (boots currently unavailable)
Stlth    ++++......             (no amulet)
HPRegen  0.15/turn              (no ring)
MPRegen  0.11/turn              (no ring)

@: agile, lethally poisoned (0 -> -12), tree-form
A: no striking features
a: no special abilities


You were on level 3 of the Dungeon.
You were hungry.
You were a tree.
You visited 1 branch of the dungeon, and saw 3 of its levels.

You collected 68 gold pieces.

Inventory:

Hand Weapons
 a - a +0 short sword (weapon)
 b - a +1 hunting sling
Missiles
 h - 16 sling bullets
 i - 111 stones (quivered)
Armour
 e - a +0 pair of gloves (melded)
 j - a +0 robe (melded)
 k - a +0 hat (melded)
Scrolls
 c - 2 scrolls of magic mapping
 l - 2 scrolls of remove curse {unknown}
 m - a scroll of identify
Potions
 f - a potion of agility
 g - a potion of lignification
Comestibles
 d - 8 rations


   Skills:
 - Level 2.0 Dodging
 + Level 4.0 Stealth
 - Level 3.5 Spellcasting
 - Level 1.2 Conjurations
 - Level 1.0 Summonings
 - Level 0.8 Translocations


You had 3 spell levels left.
You knew the following spells:

 Your Spells              Type           Power        Failure   Level  Hunger
a - Magic Dart            Conj           #...         8%          1    None
b - Call Imp              Summ           #.......     14%         2    ##.....
c - Blink                 Tloc           N/A          14%         2    ##.....
d - Slow                  Hex            #.......     21%         2    ##.....

Your spell library contained the following spells:

 Spells                   Type           Power        Failure   Level  Hunger
 Conjure Flame            Conj/Fire      #.......     30%         3    ###....
 Mephitic Cloud           Conj/Pois/Air  #.......     34%         3    ###....


Dungeon Overview and Level Annotations

Branches:
Dungeon (3/15)

Altars:

Annotations:
D:3 2 runed doors, Zarkath's ghost, amateur GrFi


Innate Abilities, Weirdness & Mutations

((You are partially covered in molten scales. (AC +2)))


Message History

The worker ant bites you but does no damage.
You hit the worker ant but do no damage.
The worker ant is almost dead.
The worker ant bites you.
* * * LOW HITPOINT WARNING * * *
You are more poisoned.
The worker ant poisons you!
You hit the worker ant but do no damage.
The worker ant is almost dead.
* * * LOW HITPOINT WARNING * * *
You feel sick.
The worker ant bites you but does no damage.
You closely miss the worker ant.
The worker ant is almost dead.
* * * LOW HITPOINT WARNING * * *
You feel sick.
The worker ant bites you but does no damage. x2
You barely miss the worker ant.
The worker ant is almost dead.
You die...

#.##.# #.##.#
#.##.# .
#######.##.# ..
#......<##.#
####.#
#.########.#
(.... #.# ...
#######.######.#
#.........♣a...#
#.#####........#
#.# #######.##
#.# #.# #.# #.#
#.# #.# #.# #.#
#.# #.# ###.#


You could see a worker ant.

Vanquished Creatures
  Robin (D:2)
  2 adders
  An ooze (D:2)
  A worm (D:2)
  2 dart slugs (D:2)
  2 leopard geckos (D:1)
  2 giant cockroaches (D:1)
  18 goblins
  5 hobgoblins
  3 kobolds
  4 bats
  5 frilled lizards
  3 rats
49 creatures vanquished.

Vanquished Creatures (collateral kills)
  A jelly (D:2)
  3 goblins (D:2)
  3 hobgoblins (D:1)
7 creatures vanquished.

Grand Total: 56 creatures vanquished

Notes
Turn   | Place    | Note
-------+----------+-------------------------------------------
     0 | D:1      | PikkenKukken the Demonspawn Wizard began the quest for the
                  | Orb.
     0 | D:1      | Reached XP level 1. HP: 13/13 MP: 4/4
   341 | D:1      | Gained mutation: You are partially covered in molten
                  | scales. (AC +2) [demonic ancestry]
   341 | D:1      | Reached XP level 2. HP: 19/19 MP: 0/6
   403 | D:1      | Learned a level 2 spell: Call Imp
   406 | D:1      | Learned a level 2 spell: Blink
   409 | D:1      | Learned a level 2 spell: Slow
   885 | D:1      | Reached skill level 2 in Stealth
  1288 | D:2      | Reached XP level 3. HP: 24/24 MP: 5/8
  1545 | D:2      | Reached skill level 3 in Stealth
  1557 | D:2      | Noticed Robin
  1825 | D:2      | Reached XP level 4. HP: 25/30 MP: 5/9
  2680 | D:2      | Killed Robin
  3004 | D:3      | Reached skill level 4 in Stealth
  3258 | D:3      | Found a large runed door.
  3258 | D:3      | Found a large runed door.
  3265 | D:3      | Noticed Zarkath's ghost (amateur GrFi)
  3346 | D:3      | HP: 2/45 [poisoned by a worker ant]
  3348 | D:3      | Succumbed to a worker ant's poison

Skill      XL: |  1  2  3  4 |
---------------+-------------+-----
Dodging        | 2 |  2.0
Stealth        | 2 3 4 |  4.0
Spellcasting   | |  3.5
Conjurations   | |  1.2
Summonings     | |  1.0
Translocations | |  0.8

Action                   |  1- 3 |  4- 6 || total
-------------------------+-------+-------++-------
Melee: Unarmed           |     5 |       ||     5
       Short sword       |    40 |    59 ||    99
 Fire: Hunting sling     |    25 |    38 ||    63
 Cast: Magic Dart        |    44 |    15 ||    59
       Call Imp          |     7 |     6 ||    13
  Use: Scroll            |     4 |     1 ||     5
       Potion            |       |     2 ||     2
  Eat: Chunk             |     3 |     4 ||     7
Armor: Robe              |    17 |    19 ||    36
       Skin              |       |    11 ||    11
Dodge: Dodged            |    45 |    56 ||   101
